 Dungeon Crawl Stone Soup version 0.27.1-4-g1640c2035a (webtiles) character file.

Game seed: 7179103723585018991

142 Stomo444 the Gusty (level 5, 0/25 HPs)
             Began as a Vine Stalker Air Elementalist on Nov 12, 2021.
             Blown up by Ijyb (15 damage)
             ... with a mindburst bolt
             ... on level 3 of the Dungeon.
             The game lasted 00:04:45 (3021 turns).

Stomo444 the Gusty (Vine Stalker Air Elementalist)  Turns: 3021, Time: 00:04:45

Health: 0/25       AC:  2    Str: 12    XL:     5   Next: 24%
Magic:  0/10       EV: 12    Int: 15    God:
Gold:   103        SH:  0    Dex: 14    Spells: 4/10 levels left

rFire    . . .     SeeInvis .   e - +0 whip (venom)
rCold    . . .     Faith    .   (no shield)
rNeg     . . .     Spirit   +   a - +0 robe
rPois    .         Reflect  .   (no helmet)
rElec    .         Harm     .   (no cloak)
rCorr    .         Rampage  .   (no gloves)
Will     .....                  (no boots)
Stlth    ++........             (no amulet)
HPRegen  1.08/turn              (no ring)
MPRegen  0.12/turn              (no ring)

@: no status effects
A: fangs 2, regeneration 1, magic shield, antimagic bite, no potion heal 2
a: no special abilities


You were on level 3 of the Dungeon.
You visited 1 branch of the dungeon, and saw 3 of its levels.

You collected 103 gold pieces.

Inventory:

Hand Weapons
 b - a +0 dagger
 e - a +0 whip of venom (weapon)
Armour
 a - a +0 robe (worn)
Jewellery
 i - an amulet of regeneration
Scrolls
 g - a scroll of blinking {unknown}
 j - a scroll of fear {unknown}
Potions
 c - a potion of attraction
 d - a potion of magic {unknown}
 f - a potion of experience {unknown}
 h - a potion of curing {unknown}
 k - a potion of heal wounds {unknown}


   Skills:
 + Level 1.3 Fighting
 + Level 1.3 Maces & Flails
 + Level 2.2 Dodging
 - Level 2.4 Stealth
 + Level 3.0 Spellcasting
 + Level 2.0 Conjurations
 + Level 3.6 Air Magic


You had 4 spell levels left.
You knew the following spells:

 Your Spells              Type           Power      Damage    Failure   Level
a - Shock                 Conj/Air       40%        1d5       6%          1
b - Static Discharge      Conj/Air       10%        N/A       10%         2
c - Swiftness             Air            13%        N/A       14%         3

Your spell library contained the following spells:

 Spells                   Type           Power      Damage    Failure   Level
 Airstrike                Air            6%         N/A       41%         4


Dungeon Overview and Level Annotations

Branches:
Dungeon (3/15)

Altars:

Shops:
D:2 [

Annotations:
D:3 Ijyb


Innate Abilities, Weirdness & Mutations

You have extremely sharp teeth.
Your natural rate of healing is unusually fast.
When hurt, damage is shared between your health and your magic reserves.
Your bite disrupts and absorbs the magic of your enemies.
Potions cannot restore your health.


Message History

Aim: Ijyb, wielding a +0 dagger, wearing a +0 ring mail and carrying a wand of mindburst (15) (lightly wounded, 64% to hit)
You miscast Shock.
You are very lightly contaminated with residual magic.
Nothing appears to happen.
Casting: Shock (safe; 6% risk of failure)
Confirm with . or Enter, or press ? or * to list all spells.
Aiming: Shock (safe; 6% risk of failure)
Press: ? - help, Shift-Dir - straight line, f/p - Ijyb
Aim: Ijyb, wielding a +0 dagger, wearing a +0 ring mail and carrying a wand of mindburst (15) (lightly wounded, 64% to hit)
The zap misses Ijyb.
Ijyb drinks a potion.
Ijyb flickers and vanishes!
Deactivating autopickup; reactivate with Ctrl-A.
Casting: Shock (safe; 6% risk of failure)
Confirm with . or Enter, or press ? or * to list all spells.
Aiming: Shock (safe; 6% risk of failure)
Press: ? - help, Shift-Dir - straight line, f - adder
Aim: an adder (48% to hit)
The zap hits the adder.
The adder is heavily wounded.
Unknown command.
Casting: Shock (safe; 6% risk of failure)
Confirm with . or Enter, or press ? or * to list all spells.
The adder is struck by an arc of lightning!
You kill the adder!
You are struck by an arc of lightning.
The lightning grounds out.
Your Spellcasting skill increases to level 3!
You hear a zap.
Something tries to affect you, but you resist.
Your magical contamination has completely faded away.
You hear a zap.
Something tries to affect you, but you resist.
You hear a zap.
Your mind is blasted!
Ouch! That really hurt!
* * * LOW HITPOINT WARNING * * *
You hear a zap.
Something tries to affect you, but you resist.
You hear a zap.
Your mind is blasted!
Ouch! That really hurt!
You die...

#.# #. #.# #† #.#
#. #.# #. #.# #.
#.# #. #.# #. #.#
#.
#@###############.
#.................
##################


There were no monsters in sight!

Vanquished Creatures
  An orc priest (D:3)
  6 adders
  A dart slug (D:3)
  4 orcs (D:3)
  8 ball pythons
  3 bats
  3 endoplasms
  A giant cockroach (D:1)
  3 goblins
  2 hobgoblins
  4 jackals (D:2)
  6 kobolds
  4 quokkas
  3 frilled lizards
  3 rats
52 creatures vanquished.

Notes
Turn   | Place    | Note
-------+----------+-------------------------------------------
     0 | D:1      | Stomo444 the Vine Stalker Air Elementalist began the quest
                  | for the Orb.
     0 | D:1      | Reached XP level 1. HP: 9/9 MP: 4/4
   379 | D:1      | Reached XP level 2. HP: 14/14 MP: 4/6
   419 | D:1      | Learned a level 2 spell: Static Discharge
  1097 | D:2      | Found a faded altar of an unknown god.
  1130 | D:2      | Reached XP level 3. HP: 17/17 MP: 3/7
  1140 | D:2      | Learned a level 3 spell: Swiftness
  1784 | D:2      | Found Lixtuazo's Armour Shop.
  1869 | D:2      | Reached skill level 1 in Fighting
  1869 | D:2      | Gained mutation: Your natural rate of healing is unusually
                  | fast. [Vine Stalker growth]
  1869 | D:2      | Reached XP level 4. HP: 17/22 MP: 1/9
  1995 | D:2      | Reached skill level 1 in Maces & Flails
  2767 | D:3      | Reached XP level 5. HP: 24/25 MP: 3/10
  2997 | D:3      | Noticed Ijyb
  3021 | D:3      | Blown up by Ijyb

Illustrated notes

Levels and vault maps discovered:
D:1:      pf_arrival_petrified_forest, layout_loops_ring
D:2:      layout_basic, dreamdust_ecumenical_altar_hidden_monk_grotto,
          serial_shops, shop
D:3:      layout_basic, uniq_ijyb

Skill      XL: |  1  2  3  4  5 |
---------------+----------------+-----
Dodging        | 2 |  2.2
Fighting       | 1 |  1.3
Maces & Flails | 1 |  1.3
Conjurations   | 2 |  2.0
Spellcasting   | 3 |  3.0
Stealth        | |  2.4
Air Magic      | |  3.6

Action                   |  1- 3 |  4- 6 || total
-------------------------+-------+-------++-------
Melee: Dagger            |     5 |       ||     5
       Whip              |    29 |    11 ||    40
       Bite              |     6 |     2 ||     8
 Cast: Shock             |    22 |    36 ||    58
       Static Discharge  |    10 |    12 ||    22
  Use: Scroll            |     1 |       ||     1
Armor: Robe              |     5 |     4 ||     9
Dodge: Dodged            |    19 |    13 ||    32
